 Dungeon Crawl Stone Soup version 0.30-a0-948-g4fa250aae5 (webtiles) character file.

Game seed: 1554859923782711052

2168 Iniera the Conjurer (level 9, -10/48 HPs)
             Began as a Kobold Conjurer on Mar 26, 2023.
             Killed from afar by an oklob plant (21 damage)
             ... with a splash of acid
             ... on level 6 of the Dungeon.
             The game lasted 00:11:55 (7374 turns).

Iniera the Conjurer (Kobold Conjurer)               Turns: 7374, Time: 00:11:56

Health: -10/48     AC:  8    Str:  4    XL:     9   Next: 57%
Magic:  0/18       EV: 16    Int: 20    God:
Gold:   282        SH:  0    Dex: 14    Spells: 9/20 levels left

rFire   + + .      SeeInvis .    d - +4 rapier (drain)
rCold   . . .      Faith    .    (no shield)
rNeg    . . .      Spirit   .    a - +0 robe
rPois   .          Reflect  .    (no helmet)
rElec   .          Rampage  .    c - +5 cloak of the Yeti {rF++ Int-3}
rCorr   .                        k - +2 pair of gloves
Will    .....                    o - +0 pair of boots
Stlth   ++++                     (no amulet)
HPRegen 0.28/turn                (no ring)
MPRegen 0.16/turn                (no ring)

@: corroded
A: small, no large weapons, nightstalker 3
a: no special abilities


You were on level 6 of the Dungeon.
You visited 1 branch of the dungeon, and saw 6 of its levels.

You collected 282 gold pieces.

Inventory:

Hand Weapons
 d - a +4 rapier of draining (weapon)
Armour
 a - a +0 robe (worn)
 c - the +5 cloak of the Yeti (worn) {rF++ Int-3}
   (You acquired it on level 2 of the Dungeon)

   Int:       It affects your intelligence (-3).
   rF:        It greatly protects you from fire.
 k - a +2 pair of gloves (worn)
 m - a +0 buckler
 o - a +0 pair of boots (worn)
Scrolls
 b - a scroll of enchant weapon {unknown}
 i - a scroll of noise
 n - a scroll of amnesia {unknown}
 p - a scroll of magic mapping {unknown}
 q - a scroll of enchant armour {unknown}
Potions
 e - a potion of flight
 f - 2 potions of ambrosia {unknown}
 g - 3 potions of curing
 h - a potion of lignification {unknown}
 l - a potion of brilliance {unknown}


   Skills:
 + Level 2.0 Fighting
 + Level 4.0 Short Blades
 + Level 4.8 Dodging
 + Level 4.1 Stealth
 - Level 1.0 Shields
 * Level 6.4 Spellcasting
 + Level 7.3 Conjurations
 - Level 4.0 Hexes
 - Level 4.0 Translocations


You had 9 spell levels left.
You knew the following spells:

 Your Spells              Type           Power      Damage    Failure   Level
a - Magic Dart            Conj           100%       1d8       1%          1
b - Searing Ray           Conj           70%        2d7       1%          2
c - Fulminant Prism       Conj/Hex       14%        3d9       10%         4
d - Iskenderun's Mystic   Conj/Tloc      29%        2d7       10%         4

Your spell library contained the following spells:

 Spells                   Type           Power      Damage    Failure   Level
 Dazzling Flash           Conj/Hex       58%        N/A       3%          3


Dungeon Overview and Level Annotations

Branches:
Dungeon (6/15)
 Temple: D:4-7

Altars:
Elyvilon
Fedhas

Annotations:
D:6 exclusion: oklob plant


Innate Abilities, Weirdness & Mutations

You are small and have problems with some larger weapons.
You are completely attuned to the shadows.


Message History

You finish channelling your searing ray.
Casting: Searing Ray (safe; 1% risk of failure)
Confirm with . or Enter, or press ? or * to list all spells.
Aiming: Searing Ray (safe; 1% risk of failure)
Press: ? - help, Shift-Dir - straight line, f/p - oklob plant
Aim: an oklob plant (heavily damaged, 100% to hit)
The searing ray hits the oklob plant.
The oklob plant is severely damaged. (Press . to maintain the ray.)
The searing ray hits the oklob plant.
The oklob plant is severely damaged.
The searing ray hits the oklob plant but does no damage.
The oklob plant is severely damaged.
The searing ray hits the oklob plant.
The oklob plant is almost destroyed.
You finish channelling your searing ray.
The oklob plant spits acid at you. The splash of acid hits you!
The acid corrodes you!
Casting: Searing Ray (safe; 1% risk of failure)
Confirm with . or Enter, or press ? or * to list all spells.
Aiming: Searing Ray (safe; 1% risk of failure)
Press: ? - help, Shift-Dir - straight line, f/p - oklob plant
Aim: an oklob plant (almost destroyed, 100% to hit)
The searing ray hits the oklob plant but does no damage.
The oklob plant is almost destroyed. (Press . to maintain the ray.)
The oklob plant spits acid at you. The splash of acid hits you!!
Ouch! That really hurt!
* * * LOW HITPOINT WARNING * * *
The searing ray hits the oklob plant!
The oklob plant is almost destroyed.
The searing ray hits the oklob plant but does no damage.
The oklob plant is almost destroyed.
The searing ray hits the oklob plant but does no damage.
The oklob plant is almost destroyed.
You finish channelling your searing ray.
The oklob plant spits acid at you. The splash of acid hits you!!
You die...

....#
##.##...###.#..###########
##.[#####.####..##.#...
#........# ##.##>#.###
##.######.# #......#
......# ### ###.>###
......# # ##.# ......#
..## #.# ......# ....##.#
......# P...@..# ..<...#
....#### ......# ..##
..#.### # ....# #####


You could see an oklob plant.

Vanquished Creatures
  A troll (D:6)
  Sigmund (D:4)
  Eustachio (D:3)
  Menkaure (D:4)
  A water moccasin (D:4)
  Duvessa (D:4)
  An ice beast (D:6)
  An ogre (D:4)
  A phantom (D:6)
  4 scorpions
  Dowan (D:4)
  2 hounds
  12 jellies
  Crazy Yiuf (D:6)
  2 sleepcaps
  2 iguanas
  2 orc wizards
  4 adders
  4 gnolls (D:5)
  2 shadow imps (D:6)
  2 white imps (D:6)
  A worm (D:2)
  11 orcs
  7 ball pythons
  15 endoplasms
  6 giant cockroaches
  5 goblins
  6 hobgoblins
  4 quokkas
  A bat (D:1)
  5 frilled lizards
  8 kobolds
  3 rats
119 creatures vanquished.

Vanquished Creatures (others)
  2 fulminant prisms (D:4)
  6 fungi (D:6)
8 creatures vanquished.

Grand Total: 127 creatures vanquished

Notes
Turn   | Place    | Note
-------+----------+-------------------------------------------
     0 | D:1      | Iniera the Kobold Conjurer began the quest for the Orb.
     0 | D:1      | Reached XP level 1. HP: 10/10 MP: 3/3
   355 | D:1      | Reached XP level 2. HP: 15/15 MP: 1/5
   359 | D:1      | Learned a level 2 spell: Searing Ray
   585 | D:1      | Found a faded altar of an unknown god.
  1750 | D:2      | Reached XP level 3. HP: 19/19 MP: 3/6
  1764 | D:2      | Identified a scroll of acquirement
  1767 | D:2      | Acquired the +5 cloak of the Yeti {rF++ Int-3}
  2011 | D:2      | Reached XP level 4. HP: 24/24 MP: 0/8
  2087 | D:2      | Identified the +3 plate armour "Vucrod" {Int+2 Stlth+}
  2368 | D:2      | Reached skill level 5 in Conjurations
  3167 | D:3      | Reached XP level 5. HP: 25/28 MP: 2/10
  3918 | D:4      | Learned a level 4 spell: Fulminant Prism
  3923 | D:4      | Learned a level 4 spell: Iskenderun's Mystic Blast
  3923 | D:4      | Noticed an ogre
  3928 | D:4      | Killed an ogre
  3929 | D:4      | Reached skill level 1 in Hexes
  3929 | D:4      | Reached skill level 1 in Translocations
  3929 | D:4      | Reached XP level 6. HP: 22/32 MP: 4/11
  3947 | D:4      | Noticed Duvessa
  3999 | D:4      | Noticed Sigmund
  4020 | D:4      | Killed Sigmund
  4116 | D:4      | Reached XP level 7. HP: 36/36 MP: 10/13
  4131 | D:4      | Noticed Dowan
  4220 | D:4      | Reached skill level 6 in Conjurations
  4362 | D:4      | Noticed a water moccasin
  4363 | D:4      | Noticed Eustachio
  4421 | D:3      | Killed Eustachio
  4531 | D:4      | Noticed Menkaure
  4540 | D:4      | Killed Menkaure
  4541 | D:4      | Reached XP level 8. HP: 41/41 MP: 3/15
  4656 | D:4      | Reached skill level 5 in Spellcasting
  5172 | D:4      | Killed Duvessa
  5173 | D:4      | Reached skill level 1 in Short Blades
  5177 | D:4      | Killed Dowan
  5352 | D:5      | Entered Level 5 of the Dungeon
  5426 | D:5      | Found a white marble altar of Elyvilon.
  6615 | D:6      | Reached XP level 9. HP: 44/45 MP: 11/17
  6648 | D:6      | Found a runed translucent door.
  6651 | D:6      | Noticed Crazy Yiuf
  6659 | D:6      | Killed Crazy Yiuf
  6872 | D:6      | Identified the +0 robe of Springtime {rC+ Str+8 Int-3}
  6886 | D:6      | Reached skill level 7 in Conjurations
  6886 | D:6      | Noticed a troll
  6908 | D:6      | Killed a troll
  6909 | D:6      | Reached skill level 1 in Fighting
  6999 | D:6      | Found a blossoming altar of Fedhas.
  7052 | D:6      | Reached skill level 1 in Shields
  7358 | D:6      | Noticed an oklob plant
  7374 | D:6      | Killed from afar by an oklob plant

Illustrated notes

Levels and vault maps discovered:
D:1:      co_arrival_square_in_a_square_in_a_square, layout_loops_ring,
          serial_co_window_serial, co_window_of_opportunity_a,
          co_window_paths_a, co_window_paths_a, co_window_paths_a,
          co_window_of_opportunity_a, co_window_paths_a, co_window_corner_a,
          co_window_broadway_c, co_window_corner_cb, co_window_unsneaky_path_c,
          co_window_broadway_a, co_window_unsneaky_path_e, co_window_corner_b,
          co_window_paths_e, glass_columns_c, glass_columns_a, glass_columns_c,
          basic_ecumenical_altar, columned_hall_lemuel
D:2:      layout_loops_corners
D:3:      layout_basic
D:4:      layout_cave_pools, uniq_sigmund, uniq_eustachio, uniq_duvessa,
          uniq_menkaure
D:5:      layout_basic, elyvilon_altar_3
D:6:      lemuel_slime, layout_basic, marbit_many_paths,
          mainiacjoe_overflow_concentric_impassable, serial_demonic,
          serial_demonic_d, serial_demonic_b, serial_demonic_b,
          serial_demonic_d, minivault_25, uniq_pikel, uniq_crazy_yiuf_cottage

Skill      XL: |  1  2  3  4  5  6  7  8  9 |
---------------+----------------------------+-----
Conjurations   | 5 6 7 |  7.3
Spellcasting   | 3 4 5 6 |  6.4
Hexes          | 1 2 4 |  4.0
Translocations | 1 2 4 |  4.0
Dodging        | 3 4 |  4.8
Short Blades   | 2 4 |  4.0
Stealth        | 4 |  4.1
Fighting       | 2 |  2.0
Shields        | 1 |  1.0

Action                     |  1- 3 |  4- 6 |  7- 9 || total
---------------------------+-------+-------+-------++-------
  Melee: Unarmed           |    10 |       |       ||    10
         Dagger            |    13 |    34 |    19 ||    66
         Punch             |       |     1 |       ||     1
         Rapier            |       |       |    52 ||    52
   Cast: Magic Dart        |    51 |    36 |    60 ||   147
         Searing Ray       |     2 |     5 |    28 ||    35
         Fulminant Prism   |       |       |     2 ||     2
         Iskenderun's Myst |       |       |     6 ||     6
    Use: Scroll            |     4 |     4 |     2 ||    10
         Potion            |       |       |     3 ||     3
   Stab: Sleeping          |       |     5 |     6 ||    11
 Armour: Robe              |     4 |     5 |    39 ||    48
  Dodge: Dodged            |    25 |    32 |    88 ||   145

Table legend: (Time is in decaauts)
 A = Elapsed time spent in this place.
 B = Non-inter-level travel time spent in this place.
 C = Inter-level travel time spent in this place.
 D = Time resting spent in this place.
 E = Time spent auto-exploring this place.
 F = Levels seen in this place.
 G = Mean time per level.
                   A        B        C        D        E       F      G
               +--------+--------+--------+--------+--------+-----+--------+
         Total |   7378 |   7179 |    199 |    606 |   5531 |   6 | 1229.7 |
       Dungeon |   7378 |   7179 |    199 |    606 |   5531 |   6 | 1229.7 |
               +--------+--------+--------+--------+--------+-----+--------+

Top non-repeatable levels by time:
     D:1: 1509 daAuts
     D:3: 1440 daAuts
     D:2: 1291 daAuts
     D:5: 1178 daAuts
     D:4: 1111 daAuts
     D:6: 847 daAuts
